 Dungeon Crawl Stone Soup version 0.31-a0-859-g9dce7d3444 (webtiles) character file.

Game seed: 14065260499610718627

195 Querens the Shield-Bearer (level 6, -5/49 HPs)
             Began as a Formicid Fighter on Oct 10, 2023.
             Splashed by a jelly's acid (10 damage)
             ... on level 4 of the Dungeon.
             The game lasted 00:06:36 (1636 turns).

Querens the Shield-Bearer (Formicid Fighter)        Turns: 1636, Time: 00:06:37

Health: -5/49      AC:  7    Str: 23    XL:     6   Next: 4%
Magic:  6/6        EV:  8    Int:  7    God:
Gold:   75         SH:  5    Dex: 13    Spells: 5/5 levels left

rFire   . . .        a - +0 war axe
rCold   + . .        c - +0 buckler
rNeg    . . .        j - +3 chain mail "Req Ive" {rC+}
rPois   .            (helmet unavailable)
rElec   .            q - +0 cloak
rCorr   .            i - +0 pair of gloves
SInv    +            (no boots)
Will    .....        (no amulet) Stlth
                     (no ring)
HPRegen 0.28/turn    (no ring)
MPRegen 0.10/turn

%: no passive effects
@: corroded
A: permanent stasis, dig shafts and tunnels, antennae 3, four strong arms
a: Dig, Shaft Self


You were on level 4 of the Dungeon.
You visited 1 branch of the dungeon, and saw 4 of its levels.

You collected 185 gold pieces.
You spent 110 gold pieces at shops.

Inventory:

Hand Weapons
 a - a +0 war axe (weapon)
Armour
 c - a +0 buckler (worn)
 i - a +0 pair of gloves (worn)
 j - the +3 chain mail "Req Ive" (worn) {rC+}
   (You found it on level 2 of the Dungeon)

   rC+:       It protects you from cold.
 q - a +0 cloak (worn)
Scrolls
 b - a scroll of fear {unknown}
 f - a scroll of teleportation {unknown}
 k - 6 scrolls of identify
 l - a scroll of noise
 n - a scroll of enchant armour {unknown}
Potions
 d - 2 potions of might
 e - a potion of enlightenment {unknown}
 g - a potion of brilliance {unknown}
 h - a potion of heal wounds {unknown}
 m - a potion of lignification {unknown}
 o - a potion of mutation {unknown}
 p - a potion of attraction {unknown}
 r - a potion of degeneration {unknown}


   Skills:
 + Level 4.4 Fighting
 + Level 3.2 Axes
 + Level 4.4 Armour
 + Level 5.4 Shields


You had 5 spell levels left.
You didn't know any spells.
Your spell library contained the following spells:

 Spells                   Type           Power      Damage    Failure   Level
 Poisonous Vapours        Pois/Air       0%         N/A       99%         2
 Mephitic Cloud           Conj/Pois/Air  0%         N/A       100%        3
 Ozocubu's Armour         Ice            0%         N/A       100%        3
 Freezing Cloud           Conj/Ice/Air   0%         6-21      100%        5
 Ozocubu's Refrigeration  Ice            0%         4d7       100%        7


Dungeon Overview and Level Annotations

Branches:
Dungeon (4/15)
 Temple: D:4-7

Altars:
Sif Muna
Wu Jian

Shops:
D:2 ??*([   D:3 [


Innate Abilities, Weirdness & Mutations

You cannot be hasted, slowed, berserked, paralysed or teleported.
You can dig through walls and to a lower floor.
You have a pair of large antennae on your head. (SInv)
Your four strong arms can wield two-handed weapons with a shield.


Message History

You see here a hound corpse.
You open the door. 2 jellies come into view.
The jelly quivers. x2
There is an open door here.
You aren't carrying any items that you can evoke.
The jelly attacks as it pursues you! The jelly barely misses you.
There is an open door, spattered with blood here.
You see here a hound corpse.
The jelly attacks as it pursues you! The jelly hits you but does no damage.
The jelly attacks as it pursues you! The jelly hits you but does no damage.
You see here a +0 whip.
There is an open door here.
You close the door.
You hear a slurping noise.
The jelly eats the door!
The jelly closely misses you.
The jelly jiggles.
The jelly attacks as it pursues you! The jelly hits you but does no damage.
You slash the jelly!
Your hands burn!
The jelly is moderately wounded.
The jelly hits you. The acid corrodes you!
You are splashed with acid!
The jelly hits you but does no damage.
You hit the jelly.
Your hands burn!
The jelly is heavily wounded.
You block the jelly's attack.
You hit the jelly but do no damage. The acid corrodes you!
Your hands burn!
The jelly is heavily wounded.
You block the jelly's attack.
You hit the jelly.
Your hands burn!
* * * LOW HITPOINT WARNING * * *
The jelly is heavily wounded.
The jelly barely misses you. You block the jelly's attack.
You hit the jelly but do no damage.
Your hands burn!
* * * LOW HITPOINT WARNING * * *
The jelly is heavily wounded.
The jelly hits you.
* * * LOW HITPOINT WARNING * * *
You are splashed with acid!
You die...

{ ....##...##.#
##..J.##...##.#
##'#, #...####
+#####..## #...#
##..##....# #...#
#....†...)#####...#
#....##..##.......#
##J)######..#######
#.##JJ@...##
#....###### ######


You could see 2 jellies.

Vanquished Creatures
  2 hounds (D:4)
  An iguana (D:4)
  4 adders
  An ufetubus (D:4)
  2 dart slugs
  2 orcs
  8 endoplasms
  4 giant cockroaches
  3 hobgoblins
  4 jackals (D:4)
  A quokka (D:1)
  5 ball pythons
  4 bats
  5 frilled lizards
  8 goblins
  8 kobolds
  6 rats
68 creatures vanquished.

Notes
Turn   | Place    | Note
-------+----------+-------------------------------------------
     0 | D:1      | Querens the Formicid Fighter began the quest for the Orb.
     0 | D:1      | Reached XP level 1. HP: 18/18 MP: 1/1
    96 | D:1      | Reached XP level 2. HP: 24/24 MP: 2/2
   318 | D:1      | Reached XP level 3. HP: 24/29 MP: 3/3
   597 | D:2      | Identified the +3 chain mail "Req Ive" {rC+}
   656 | D:2      | Found Tuigaeg's Magic Scroll Boutique.
   660 | D:2      | Bought a scroll of identify for 24 gold pieces
   660 | D:2      | Bought a scroll of identify for 24 gold pieces
   660 | D:2      | Bought a scroll of noise for 12 gold pieces
   724 | D:2      | Found Vikueb's Antique Weapon Shop.
   756 | D:2      | Found Suidoxung's Armour Shoppe.
   810 | D:2      | Found Donidwim's General Store.
   825 | D:2      | Bought a scroll of identify for 26 gold pieces
   975 | D:2      | Found Ynarphyis's Magic Scroll Shoppe.
   978 | D:2      | Bought a scroll of identify for 24 gold pieces
  1076 | D:3      | Reached XP level 4. HP: 36/37 MP: 4/4
  1087 | D:3      | Found a faded altar of an unknown god.
  1090 | D:3      | Found a shimmering blue altar of Sif Muna.
  1281 | D:3      | Found Bayggof's Armour Shop.
  1406 | D:3      | Found an ornate altar of the Wu Jian Council.
  1460 | D:4      | Reached skill level 5 in Shields
  1460 | D:4      | Reached XP level 5. HP: 28/42 MP: 5/5
  1613 | D:4      | Reached XP level 6. HP: 26/49 MP: 6/6
  1636 | D:4      | Splashed by a jelly's acid

Illustrated notes

Levels and vault maps discovered:
D:1:      nzn_arrival_water_spiral, layout_basic
D:2:      layout_rooms, serial_shops, shop, nicolae_shop_gibbet_a_chance, shop,
          nicolae_shop_back_alley_shop, nicolae_shop_window_shopping,
          interstate_on_off, minmay_close_crescents
D:3:      layout_rooms, nicolae_overflow_ecumenical_swirl,
          nzn_wu_jian_council_hall, serial_shops, shop
D:4:      minmay_bubble_buster, layout_basic

Skill      XL: |  1  2  3  4  5 |
---------------+----------------+-----
Armour         | 4 |  4.4
Fighting       | 4 |  4.4
Shields        | 5 |  5.4
Axes           | 3 |  3.2

Action                     |  1- 3 |  4- 6 || total
---------------------------+-------+-------++-------
  Melee: War axe           |   106 |    83 ||   189
Ability: Dig               |     1 |       ||     1
 Armour: Scale mail        |    57 |       ||    57
         Chain mail        |    31 |   100 ||   131
  Dodge: Dodged            |    54 |    56 ||   110
  Block: Buckler           |    32 |    30 ||    62

Table legend: (Time is in decaauts)
 A = Elapsed time spent in this place.
 B = Non-inter-level travel time spent in this place.
 C = Inter-level travel time spent in this place.
 D = Time resting spent in this place.
 E = Time spent auto-exploring this place.
 F = Levels seen in this place.
 G = Mean time per level.
                   A        B        C        D        E       F      G
               +--------+--------+--------+--------+--------+-----+--------+
         Total |   1711 |   1615 |     96 |      0 |      0 |   4 |  427.8 |
       Dungeon |   1711 |   1615 |     96 |      0 |      0 |   4 |  427.8 |
               +--------+--------+--------+--------+--------+-----+--------+

Top non-repeatable levels by time:
     D:1: 575 daAuts
     D:3: 469 daAuts
     D:2: 456 daAuts
     D:4: 210 daAuts
